 Dungeon Crawl Stone Soup version bcrawl-1.38.3 (webtiles) character file.

Game seed: 4284336735198936464

466926 kosoiffoigrumme1174 the Eye of the Storm (level 12, 0/114 HPs)
             Began as a Troll Archaeologist on June 13, 2023.
             Was a Priest of Qazlal.
             Slain by Snorg (9 damage)
             ... on level 3 of the Lair of Beasts on June 14, 2023.
             The game lasted 00:31:16 (11033 turns).

kosoiffoigrumme1174 the Eye of the Storm (TrAc)    Turns: 11033, Time: 00:31:17

Health: 0/114      AC: 10    Str: 25    XL:     12   Next: 38%
Magic:  9/18       EV: 12    Int: 11    God:    Qazlal [***...]
Gold:   626        SH:  4    Dex: 11    Spells: 11/11 levels left

rFire    . . .     GDR:     27%   - Claws (23.3)
rCold    . . .     SeeInvis .   (no shield)
rNeg     . . .     Gourm    +   (armour unavailable)
rPois    +         Faith    .   c - +1 hat
rElec    .         Spirit   .   (no cloak)
rCorr    .         Reflect  .   (gloves unavailable)
MR       +....                  (boots unavailable)
Stlth    +.........             n - amulet of magic regeneration
HPRegen  1.09/turn              y - ring of poison resistance
MPRegen  0.42/turn              f - ring of Jeugeqen {MR+ Str+2}

@: no status effects
A: large, almost no armour, claws 3, fast metabolism 3, gourmand, regeneration
2, AC +9
a: Upheaval, Elemental Force, Renounce Religion


You were on level 3 of the Lair of Beasts.
You worshipped Qazlal.
Qazlal was most pleased with you.
You were completely stuffed.

You visited 2 branches of the dungeon, and saw 12 of its levels.
You also visited: Sewer.

You collected 870 gold pieces.
You spent 244 gold pieces at shops.

Inventory:

Hand Weapons
 b - a +0 blowgun
Missiles
 d - 122 curare-tipped needles
 h - 1976 stones
 m - 271 poisoned needles
 u - 1859 sling bullets
 z - 35 large rocks
 D - 4 throwing nets {=f}
 E - 75 poisoned tomahawks (quivered)
Armour
 c - a +1 hat (worn)
 i - a +2 hat of see invisible
Jewellery
 f - the ring of Jeugeqen (right claw) {MR+ Str+2}
   (You acquired it on level 3 of the Dungeon)

   [ring of protection from magic]

   It affects your strength (+2).
   It affects your resistance to hostile enchantments.
 k - an uncursed ring of resist corrosion
 l - an uncursed amulet of guardian spirit
 n - an amulet of magic regeneration (around neck)
 y - a ring of poison resistance (left claw)
 G - an uncursed amulet of rage {unknown}
 I - an uncursed ring of see invisible
 R - an uncursed ring of fire
Wands
 s - a wand of iceblast (15)
 J - a wand of digging (8)
 M - a wand of random effects (14)
 O - a wand of clouds (3)
 Q - a wand of flame (26)
Scrolls
 g - 6 scrolls of magic mapping
 j - 7 scrolls of remove curse
 o - 4 scrolls of amnesia
 r - 5 scrolls of enchant weapon
 v - 8 scrolls of teleportation
 x - 3 scrolls of enchant armour
 B - 3 scrolls of fear
 F - 3 scrolls of immolation
 H - a scroll of summoning {unknown}
 K - 2 scrolls of blinking {unknown}
 L - a scroll of brand weapon {unknown}
 S - a scroll of fog {unknown}
Potions
 a - 3 potions of cancellation
 p - a potion of might
 q - 3 potions of ambrosia
 t - 2 potions of lignification
 w - a potion of haste
 C - 4 potions of curing
 N - a potion of flight {unknown}
 P - a potion of agility
Miscellaneous
 A - a sack of spiders (inert)
Comestibles
 e - 21 rations {!d}


   Skills:
 - Level 6.2 Fighting
   Level 1.0 Maces & Flails
 + Level 5.6 Throwing
 + Level 5.4 Dodging
 - Level 1.7 Stealth
 - Level 6.0 Unarmed Combat
 - Level 10.0 Invocations
 - Level 10.0 Evocations


You had 11 spell levels left.
You didn't know any spells.
Your spell library was empty.

Dungeon Overview and Level Annotations

Branches:
Dungeon (9/12)             Temple (0/1) D:5            Lair (3/6) D:9
 Shoals (0/3) Lair:2
  Swamp: Lair:2-4     Snake: Lair:2-4    Spider: Lair:2-4       Orc: D:8-11

Altars:
Ashenzari
Fedhas
Lugonu
Qazlal
Ru
Uskayaw
Vehumet
Yredelemnul
The Shining One

Shops:
D:4 [**}}   D:6 %(}**

Annotations:
Lair:3 Snorg


Innate Abilities, Weirdness & Mutations

You cannot wear most types of armour.
Your thick skin is tough. (AC +9)
You are too large for most types of armour.
You have claws for hands.
Your metabolism is lightning-fast.
You like to eat raw meat.
You heal very quickly.


Message History

Unknown command.
Unknown command.
Unknown command.
Unknown command.
Unknown command.
Okay, then.
Aiming: Upheaval
Press: ? - help, Dir - move target cursor, p - Snorg Magma suddenly erupts from the ground!
The blast of magma engulfs Snorg!!
Snorg is severely wounded.
You block Snorg's attack. Snorg claws you but does no damage.
Snorg closely misses you.
Aiming: Upheaval
Press: ? - help, Dir - move target cursor The ground shakes violently, spewing rubble!
The blast of rubble hits Snorg!!
Snorg is almost dead.
Snorg bites you but does no damage. Snorg claws you!
You die...

................... ..###
..................P##...##
..................P.......
.....<..............<†....
...:......................
.....$.≈...........#P.#.#.
.......≈.≈........###.##..
#.###..#T○§.......# ...##.
####.@☼.......#....##.
#............P...#P.
#................... #.
#....^...........#..
#.##.................#. #.
#..#...........###.#.#.
... ...............# #
..P. ..# ..##............
..... ... . #.............
....


You could see Snorg (berserk).

Vanquished Creatures
  Gastronok (Lair:3)
  Kirke (Lair:3)
  A hydra (Lair:3)
  A death knight (D:9)
  A two-headed ogre (D:6)
  2 centaur warriors
  Pikel (D:9)
  A cyclops (D:9)
  2 manticores
  3 black mambas
  4 cane toads
  A yaktaur (D:7)
  An eye of draining (D:9)
  2 trolls
  Grinder (D:3)
  A hornet (D:9)
  4 hippogriffs
  A basilisk (Lair:1)
  9 yaks
  A steam dragon (Lair:2)
  A crocodile (Lair:2)
  Edmund (D:4)
  A water moccasin (Lair:2)
  2 sky beasts
  Purgy (Sewer)
  4 orc warriors
  2 porcupines
  A black bear (D:9)
  4 ogres
  3 phantoms
  11 wolves
  7 bullfrogs
  A kobold brigand (D:9)
  4 centaurs
  2 scorpions (D:9)
  4 killer bees (D:9)
  5 wights (D:6)
  2 howler monkeys
  An orc priest (D:3)
  3 crimson imps
  A bullfrog zombie (D:5)
  7 hounds
  A bullfrog skeleton (D:4)
  2 orc wizards
  4 iguanas
  A worker ant (D:8)
  A hound zombie (D:6)
  A hound skeleton (D:5)
  16 adders
  A shadow imp (D:7)
  An ooze (D:5)
  2 adder zombies
  2 adder skeletons
  2 worms
  3 dart slugs
  5 leopard geckos
  12 orcs
  A ball python (D:1)
  7 bats
  4 giant cockroaches
  4 goblins
  11 hobgoblins
  7 jackals
  2 quokkas
  5 frilled lizards
  19 kobolds
  4 rats
225 creatures vanquished.

Vanquished Creatures (others)
  3 slaves (D:9)
  A crimson imp (D:9)
  A kobold (D:9)
  4 fungi
  5 plants
  6 toadstools (D:5)
20 creatures vanquished.

Grand Total: 245 creatures vanquished

Notes
Turn   | Place    | Note
-------+----------+-------------------------------------------
     0 | D:1      | kosoiffoigrumme1174 the Troll Archaeologist began the quest
                  | for the Orb.
     0 | D:1      | Reached XP level 1. HP: 18/18 MP: 0/0
    21 | D:1      | Reached skill level 1 in Unarmed Combat
    93 | D:1      | Reached XP level 2. HP: 26/26 MP: 1/1
   456 | D:1      | Reached XP level 3. HP: 32/32 MP: 2/2
  1337 | D:2      | Found a sacrificial altar of Ru.
  1400 | D:2      | Noticed a phantom
  1448 | D:2      | Killed a phantom
  1449 | D:2      | Gained mutation: Your natural rate of healing is unusually
                  | fast. [Troll growth]
  1449 | D:2      | Reached XP level 4. HP: 24/40 MP: 3/3
  1555 | D:3      | Reached XP level 5. HP: 46/46 MP: 4/4
  1555 | D:3      | Identified a scroll of acquirement
  1555 | D:3      | Identified the ring of Jeugeqen {MR+ Str+2} (You acquired
                  | it on level 3 of the Dungeon)
  1564 | D:3      | Noticed Grinder
  1573 | D:3      | Paralysed by Grinder for 3 turns
  1715 | D:3      | Killed Grinder
  1716 | D:3      | Reached XP level 6. HP: 33/57 MP: 5/5
  2188 | D:3      | Reached XP level 7. HP: 44/67 MP: 6/6
  2354 | D:3      | Found a radiant altar of Vehumet.
  2467 | D:4      | Found a shattered altar of Ashenzari.
  2467 | D:4      | Found a hide-covered altar of Uskayaw.
  2467 | D:4      | Found a corrupted altar of Lugonu.
  2467 | D:4      | Found a stormy altar of Qazlal.
  2467 | D:4      | Found a blossoming altar of Fedhas.
  2467 | D:4      | Found a basalt altar of Yredelemnul.
  2467 | D:4      | Found a glowing golden altar of the Shining One.
  2473 | D:4      | Became a worshipper of Qazlal Stormbringer
  2533 | D:4      | Found Pahel's Gadget Shoppe.
  2582 | D:4      | Found a glowing drain.
  2707 | Sewer    | Entered a sewer
  2773 | Sewer    | Noticed Purgy
  2792 | Sewer    | Killed Purgy
  2902 | D:4      | Found Cecoack's Gadget Shoppe.
  2957 | D:4      | Noticed Edmund
  2982 | D:4      | Killed Edmund
  2983 | D:4      | Reached skill level 5 in Fighting
  3009 | D:4      | Got a scintillating copper ring
  3022 | D:4      | Found Jonniss's General Store.
  3031 | D:4      | Bought a scroll of identify for 26 gold pieces
  3031 | D:4      | Bought a scroll of identify for 26 gold pieces
  3036 | D:4      | Identified the ring "Saxtoel" {*Slow rPois Dex+10} (You
                  | found it on level 4 of the Dungeon)
  3202 | D:4      | Found Vibonut's Assorted Antiques.
  3210 | D:4      | Bought a scroll of identify for 64 gold pieces
  3210 | D:4      | Bought a scroll of identify for 64 gold pieces
  3210 | D:4      | Bought a scroll of identify for 64 gold pieces
  3254 | D:4      | Found Eqierot's Armour Boutique.
  3302 | D:5      | Entered Level 5 of the Dungeon
  3418 | D:5      | Found a staircase to the Ecumenical Temple.
  3441 | D:5      | Reached skill level 1 in Invocations
  3508 | D:5      | Reached XP level 8. HP: 65/81 MP: 8/8
  4225 | D:6      | Reached * piety under Qazlal
  4279 | D:6      | Reached skill level 5 in Invocations
  4299 | D:6      | Found Gicvuhisk's Gadget Boutique.
  4399 | D:6      | Found Oxoug's Weapon Shop.
  4448 | D:6      | Found Gaempaot's Food Boutique.
  4724 | D:6      | Found Zuon's General Store.
  4934 | D:6      | Noticed a two-headed ogre
  4951 | D:6      | Killed a two-headed ogre
  4952 | D:6      | Reached XP level 9. HP: 82/88 MP: 12/14
  5061 | D:6      | Found Ymui's Assorted Antiques.
  5441 | D:7      | Noticed a yaktaur
  5447 | D:8      | Noticed a centaur warrior
  5508 | D:7      | Killed a yaktaur
  5728 | D:7      | Noticed a centaur warrior
  5738 | D:7      | Killed a centaur warrior
  5739 | D:7      | Reached skill level 10 in Invocations
  5791 | D:7      | Reached skill level 1 in Throwing
  5801 | D:7      | Reached ** piety under Qazlal
  5944 | D:7      | Reached XP level 10. HP: 98/98 MP: 16/16
  6207 | D:8      | Killed a centaur warrior
  6699 | D:9      | Noticed Pikel
  6709 | D:9      | Killed Pikel
  6981 | D:9      | Noticed a death knight
  7079 | D:9      | Killed a death knight
  7367 | D:9      | Noticed a manticore
  7383 | D:9      | HP: 1/98 [manticore (6)]
  7386 | D:9      | Killed a manticore
  7387 | D:9      | Reached skill level 5 in Evocations
  7631 | D:9      | Reached XP level 11. HP: 76/105 MP: 17/17
  8074 | D:9      | Noticed a cyclops
  8096 | D:9      | Killed a cyclops
  8330 | D:9      | Reached *** piety under Qazlal
  8487 | D:9      | Found a staircase to the Lair.
  8782 | Lair:1   | Entered Level 1 of the Lair of Beasts
  9885 | Lair:2   | Found a staircase to the Shoals.
 10537 | Lair:3   | Noticed Gastronok
 10568 | Lair:3   | Killed Gastronok
 10569 | Lair:3   | Gained mutation: You heal very quickly. [Troll growth]
 10569 | Lair:3   | Reached XP level 12. HP: 33/114 MP: 18/18
 10660 | Lair:2   | Reached skill level 10 in Evocations
 10691 | Lair:3   | Noticed an eight-headed hydra
 10727 | Lair:3   | Killed an eight-headed hydra
 10772 | Lair:3   | Noticed Kirke
 10786 | Lair:3   | Killed Kirke
 10787 | Lair:3   | Reached skill level 5 in Throwing
 10787 | Lair:3   | Reached skill level 5 in Dodging
 11013 | Lair:3   | Noticed Snorg
 11033 | Lair:3   | Slain by Snorg

Skill      XL: |  1  2  3  4  5  6  7  8  9 10 11 12 |
---------------+-------------------------------------+-----
Unarmed Combat | 1 2 4 6 |  6.0
Fighting       | 2 3 5 6 |  6.2
Invocations    | 2 8 10 | 10.0
Throwing       | 2 4 5 |  5.6
Dodging        | 3 4 5 |  5.4
Evocations     | 5 9 10 | 10.0
Maces & Flails | |  1.0
Stealth        | |  1.7

Action                   |  1- 3 |  4- 6 |  7- 9 | 10-12 || total
-------------------------+-------+-------+-------+-------++-------
Melee: Unarmed           |   114 |    98 |   224 |   315 ||   751
       Punch             |       |     1 |     5 |     7 ||    13
 Fire: Blowgun           |       |     1 |    12 |     4 ||    17
Throw: Stone             |    22 |    67 |    96 |   141 ||   326
       Tomahawk          |       |       |     7 |    69 ||    76
Invok: Upheaval          |       |       |       |     6 ||     6
Evoke: Wand              |       |       |     1 |     5 ||     6
       Sack of spiders   |       |       |       |     1 ||     1
  Use: Scroll            |       |     4 |     9 |     5 ||    18
       Potion            |       |       |     2 |     4 ||     6
 Stab: Sleeping          |     2 |       |       |       ||     2
  Eat: Chunk             |    17 |     8 |    31 |    42 ||    98
Armor: Skin              |    38 |    28 |    84 |   113 ||   263
Dodge: Dodged            |    51 |    50 |    95 |   180 ||   376
Block: Other             |       |       |     5 |    39 ||    44
